AoeStats
← EoK_OrO_

Nomad

507176324Analyzed
4v4 RM · 17d ago on Sep 17, 2026· 44m 27s· 8 players
Game mode
Random Map
Map size
231×231
Population
200
Speed
Normal
Resources
Standard
Victory
Conquest
Starting age
Dark Age
Ending age
Imperial Age
RankedLock teamsTeams togetherTeam positionsShared explorationLock speedFull tech treeHidden civsTurbo modeCheats
Victory
Defeat
🇨🇴 Tupi · Colombia
1639
+11
🇧🇷 Italians · Brazil
1598
+13
🇺🇸 Magyars · United States
1480
+18
🇺🇸 Dravidians · United States
1442
+19
🇺🇸 Persians · United States
1573
-17
🇦🇷 Portuguese · Argentina
1565
-17
🇨🇱 Koreans · Chile
1525
-15
🇦🇷 Italians · Argentina
1438
-12
2 Legit 2 Quit
2:56 Loom
14:02 Feudal Age
19:15 Castle Age
18:28 Double-Bit Axe
18:27 Horse Collar
19:02 Gold Mining
20:32 Fletching
20:42 Padded Archer Armor
22:16 Bow Saw
22:10 Bodkin Arrow
25:05 Ballistics
29:51 Wheelbarrow
29:41 Thumb Ring
31:23 Hand Cart
31:36 Stone Mining
33:18 Stone Shaft Mining
35:53 Imperial Age
34:35 Elite Skirmisher
35:48 Leather Archer Armor
36:43 Bracer
37:13 Ring Archer Armor
38:08 Chemistry
39:36 Conscription
40:01 Town Watch
42:57 Heavy Plow
LaWeá
12:44 Loom
15:14 Feudal Age
20:00 Castle Age
18:20 Fletching
SCV
3:46 Loom
14:05 Feudal Age
14:36 Double-Bit Axe
19:31 Castle Age
18:07 Forging
18:32 Fishing Lines
20:27 Medium Warships
20:59 Gold Mining
22:01 Bow Saw
22:38 Wheelbarrow
23:24 Town Watch
23:59 Horse Collar
24:17 Gillnets
27:52 Stone Mining
28:25 Heavy Plow
29:50 Hand Cart
31:06 Coinage
31:17 Fletching
32:54 Stone Shaft Mining
33:00 Sanctity
35:18 Imperial Age
38:08 Imperial Age
36:32 Bodkin Arrow
37:15 Padded Archer Armor
40:03 Chemistry
40:08 Leather Archer Armor
42:19 Murder Holes
Freakcles
5:55 Loom
12:41 Feudal Age
18:23 Castle Age
33:57 Demolition Ship
40:03 Double-Bit Axe
41:02 Medium Warships
EoK_OrO_
5:14 Loom
12:43 Feudal Age
16:17 Castle Age
14:05 Double-Bit Axe
17:42 Bow Saw
17:50 Horse Collar
19:16 Heavy Plow
22:07 Stone Mining
22:10 Fletching
23:45 Wheelbarrow
22:56 Town Watch
23:57 Bodkin Arrow
25:46 Hand Cart
30:34 Imperial Age
28:27 Padded Archer Armor
28:55 Ballistics
30:49 Leather Archer Armor
30:41 Thumb Ring
31:11 Gold Mining
32:22 Chemistry
32:02 Bracer
34:14 Ring Archer Armor
34:01 Elite Genoese Crossbowman
36:04 Coinage
38:04 Conscription
39:06 Scale Mail Armor
39:16 Forging
39:08 Squires
40:53 Chain Mail Armor
41:29 Masonry
42:36 Plate Mail Armor
42:42 Iron Casting
FMG | KauTrEnS
11:43 Loom
15:10 Feudal Age
15:38 Town Watch
19:05 Castle Age
17:16 Double-Bit Axe
19:56 Fletching
20:22 Bow Saw
38:30 Horse Collar
38:41 Gold Mining
39:40 Heavy Plow
43:31 Wheelbarrow
43:25 Stone Mining
44:11 Gold Shaft Mining
johnnyboy
4:38 Loom
13:25 Feudal Age
14:33 Town Watch
17:28 Castle Age
15:52 Fishing Lines
18:07 Gillnets
20:22 Wheelbarrow
19:36 Double-Bit Axe
20:54 Fletching
22:01 Bow Saw
23:30 Bodkin Arrow
24:11 Scale Mail Armor
29:46 Horse Collar
31:46 Bodkin Arrow
39:06 Imperial Age
37:42 Gold Mining
39:42 Padded Archer Armor
40:38 Bracer
41:59 Leather Archer Armor
41:54 Medical Corps
43:38 Ballistics
45:38 Chemistry
45:22 Ring Archer Armor
busy pushing deer
12:08 Feudal Age
12:40 Double-Bit Axe
12:47 Gold Mining
16:42 Horse Collar
19:08 Fishing Lines
20:43 Wheelbarrow
19:54 Town Watch
22:38 Stone Mining
24:49 Castle Age
23:22 Bloodlines
23:58 Scale Barding Armor
25:49 Bow Saw
26:21 Gold Shaft Mining
26:07 Chain Barding Armor
25:44 Loom
26:16 Hand Cart
26:33 Gillnets
27:16 Corvinian Army
28:00 Husbandry
40:14 Fervor
43:17 Imperial Age
43:26 Fletching
43:21 Elite Magyar Huszar
44:22 Conscription
44:42 Plate Barding Armor
44:11 Capped Ram
Connection lost

Rejoining the realm…

Still unreachable

The connection could not be restored.

Session expired

The server has moved on; the page needs a fresh start.